 Dungeon Crawl Stone Soup version 0.30-a0-778-g2ef04afb54 (webtiles) character file.

Game seed: 17871903129174011239

9011 Pimp the Carver (level 11, -5/84 HPs)
             Began as a Demonspawn Reaver on Feb 16, 2023.
             Was a Follower of Okawaru.
             Slain by a warg (13 damage)
             ... on level 9 of the Dungeon.
             The game lasted 00:40:31 (9669 turns).

Pimp the Carver (Demonspawn Reaver)                 Turns: 9669, Time: 00:40:32

Health: -5/84      AC: 16    Str: 16    XL:     11   Next: 17%
Magic:  14/14      EV: 20    Int: 17    God:    Okawaru [*.....]
Gold:   747        SH:  0    Dex: 13    Spells: 9/14 levels left

rFire   + . .      SeeInvis .    a - +2 falchion (protect)
rCold   . . .      Faith    .    (no shield)
rNeg    + + .      Spirit   .    c - +1 leather armour of Dixeyjoy {rPois rF+ Int+3}
rPois   +          Reflect  .    (no helmet)
rElec   .          Harm     .    x - +1 cloak
rCorr   .          Rampage  .    (gloves unavailable)
Will    +++..      Clarity  +    (no boots)
Stlth   ++                       N - amulet of the Four Winds {rN+ Will+++ Clar}
HPRegen 0.34/turn                g - ring of positive energy
MPRegen 0.14/turn                i - +5 ring of evasion

@: under a protective aura
A: yellow scales 2, (demonic guardian 1), powered by death 2, demonic touch 3,
sense surroundings 1, poison resistance
a: Renounce Religion, Heroism


You were on level 9 of the Dungeon.
You worshipped Okawaru.
Okawaru was aware of your devotion.
You visited 3 branches of the dungeon, and saw 12 of its levels.

You collected 747 gold pieces.

Inventory:

Hand Weapons
 a - a +2 falchion of protection (weapon)
Missiles
 f - 11 boomerangs (quivered)
 m - 35 poisoned darts
 L - 2 curare-tipped darts
Armour
 b - a +1 leather armour
 c - the +1 leather armour of Dixeyjoy (worn) {rPois rF+ Int+3}
   (You found it on level 7 of the Dungeon)

   Int:       It affects your intelligence (+3).
   rF:        It protects you from fire.
   rPois:     It protects you from poison.
 q - an orb of guile
 x - a +1 cloak (worn)
Magical Staves
 l - a staff of death
Jewellery
 g - a ring of positive energy (left hand)
 i - a +5 ring of evasion (right hand)
 k - an amulet of regeneration
 w - a ring of resist corrosion
 N - the amulet of the Four Winds (around neck) {rN+ Will+++ Clar}
   (You found it on level 10 of the Dungeon)

   [amulet of nothing]

   rN:        It protects you from negative energy.
   Clar:      It protects you against confusion.
   Will:      It greatly increases your willpower.
Wands
 j - a wand of paralysis (9)
 r - a wand of iceblast (6)
 B - a wand of polymorph (6)
 M - a wand of mindburst (4)
Scrolls
 d - 2 scrolls of enchant armour
 h - 4 scrolls of teleportation
 p - a scroll of blinking
 s - 3 scrolls of magic mapping
 y - a scroll of acquirement {unknown}
 D - 4 scrolls of identify
 F - a scroll of fog {unknown}
 G - a scroll of poison
 H - a scroll of amnesia {unknown}
 J - a scroll of silence {unknown}
Potions
 e - 7 potions of curing
 n - a potion of brilliance
 o - a potion of might
 t - 2 potions of lignification {unknown}
 u - 4 potions of degeneration
 v - 2 potions of mutation
 z - 2 potions of attraction {unknown}
 A - a potion of cancellation {unknown}
 C - 2 potions of flight {unknown}
 E - 3 potions of magic {unknown}
 I - a potion of resistance
 K - a potion of ambrosia


   Skills:
 + Level 7.2 Fighting
 + Level 10.7 Long Blades
 + Level 0.3 Throwing
 + Level 5.2 Armour
 + Level 8.4 Dodging
 + Level 3.2 Stealth
 + Level 0.4 Unarmed Combat
 + Level 2.1 Spellcasting
 + Level 3.4 Conjurations
 + Level 0.4 Evocations


You had 9 spell levels left.
You knew the following spells:

 Your Spells              Type           Power      Damage    Failure   Level
a - Kiss of Death         Conj/Necr      28%        2d7       11%         1
b - Sting                 Tmut/Pois      4%         1d3       22%         1
c - Hailstorm             Conj/Ice       7%         3d4       32%         3

Your spell library contained the following spells:

 Spells                   Type           Power      Damage    Failure   Level
 Momentum Strike          Conj/Tloc      14%        3d8       17%         2
 Ensorcelled Hibernation  Hex/Ice        2%         N/A       34%         2
 Poisonous Vapours        Pois/Air       2%         N/A       34%         2
 Scorch                   Fire           2%         2d5       34%         2
 Sublimation of Blood     Necr           1%         N/A       34%         2
 Wereblood                Tmut           1%         N/A       34%         2
 Spider Form              Tmut/Pois      1%         N/A       56%         3
 Flame Wave               Conj/Fire      7%         2d5       73%         4
 Olgreb's Toxic Radiance  Pois           1%         N/A       91%         4
 Airstrike                Air            0%         2d(1-17)  92%         4
 Anguish                  Hex/Necr       0%         N/A       92%         4
 Passage of Golubria      Tloc           1%         N/A       92%         4
 Lightning Bolt           Conj/Air       3%         1d15      97%         5
 Yara's Violent Unravell  Hex/Tmut       0%         3d3       99%         5
 Tukima's Dance           Hex            Unusable   N/A       N/A         3
 Summon Lightning Spire   Summ/Air       Unusable   N/A       N/A         4
 Summon Cactus Giant      Summ           Unusable   N/A       N/A         6
 Summon Hydra             Summ           Unusable   N/A       N/A         7

Dungeon Overview and Level Annotations

Branches:
Dungeon (10/15)            Temple (1/1) D:4            Lair (0/5) D:10
    Orc (1/2) D:9

Altars:
Ashenzari
Cheibriados
Dithmenos
Fedhas
Gozag
Hepliaklqana
Kikubaaqudgha
Makhleb
Nemelex Xobeh
Okawaru
Qazlal
Ru
Sif Muna
Trog
Uskayaw
Vehumet
Wu Jian
Xom
Yredelemnul

Shops:
D:6 *   Orc:1 ?

Annotations:
D:5 3 runed translucent doors, IdlyInterested's ghost, novice DsGl; necrobotica's ghost, amateur GnCA; sircluck's ghost, amateur MiFi


Innate Abilities, Weirdness & Mutations

You are mostly covered in yellow scales. (AC +3)
((A weak demonic guardian rushes to your aid.))
You regenerate health from kills.
Your touch may irresistibly damage your foes and sap their willpower.
You passively map a small area around you.
Your system is resistant to poisons. (rPois)


Message History

The orc warrior attacks as you move away!
The orc warrior misses you. The warg barely misses you.
There is a shaft here.
The orc warrior attacks as you move away!
The orc warrior hits you but does no damage.
The orc warrior attacks as you move away!
The orc warrior misses you.
The orc warrior attacks as you move away!
The orc warrior closely misses you. The warg attacks as you move away!
The warg bites you. The warg bites you!
You see here a +0 short sword.
Things that are here:
a +0 dagger of venom; a +0 robe The warg attacks as you move away!
The warg misses you. The warg completely misses you. The warg bites you.
There is a staircase back to the Dungeon here.
The orc warrior hits you with a +0 war axe!
The orc warrior hits you from afar with a +0 trident of venom!
* * * LOW HITPOINT WARNING * * *
The warg closely misses you.
You climb upwards.
Welcome back to the Dungeon!
Reactivating autopickup.
There is a staircase to the Orcish Mines here.
The warg barely misses you.
You barely miss the warg.
You touch the warg!
You sap its willpower!
The warg is moderately wounded.
The warg barely misses you.
You hit the warg.
Your weapon exudes an aura of protection.
The warg is moderately wounded.
The warg barely misses you.
You hit the warg. Your touch misses the warg.
The warg is heavily wounded.
The warg bites you!
* * * LOW HITPOINT WARNING * * *
The warg attacks as you move away! The warg barely misses you. x2
The warg attacks as you move away! The warg bites you!
You die...

.>.................#..##....##...
..#................#..#..#.......
.#.##..............#..#.##...#...
.#.##.#####...#.##<#..#.#........
......# #...#..............##.#
##.#### #.#.####...........##.#
#.# #...# ######.#.#####.# #.#
#...#########.#.#####.# ##.#####
#.....@h##............#
.......####).####.o.....#.#.....#
.#.#.....>#[.####.##.##.#.#.###.#
...#.#.##.......#.#[o##.......#.#
.##..................##.#.#.#....
.##..#.##.#.....#.##......#.###.#
.##..#.##.#.......##.##.###.###.#
................#.......# #.....#
.##.##.#####.#####......# #######


You could see a warg (weak-willed) and an orc warrior.

Vanquished Creatures
  Erica (Orc:1)
  A two-headed ogre (D:9)
  2 kobold demonologists (D:10)
  2 trolls
  2 hornets
  2 wyverns
  9 yaks (D:9)
  4 steam dragons
  4 wargs
  A water moccasin (D:9)
  2 orc warriors
  An ice beast (D:6)
  2 ogres (D:5)
  2 centaurs
  4 kobold brigands
  2 bullfrogs
  A necrophage (D:8)
  2 gnoll sergeants
  5 scorpions
  16 wights
  9 killer bees
  3 howler monkeys
  A hound (D:3)
  A jelly (D:8)
  10 orc priests
  A gnoll bouda (D:6)
  13 orc wizards
  An iguana (D:6)
  19 gnolls
  3 adders
  A white imp (D:8)
  A worm (D:3)
  3 dart slugs
  43 orcs
  7 ball pythons
  4 bats
  8 endoplasms
  7 giant cockroaches
  6 goblins
  2 hobgoblins (D:1)
  21 kobolds
  5 quokkas
  6 frilled lizards
  3 rats
243 creatures vanquished.

Vanquished Creatures (others)
  2 withered plants (D:5)
2 creatures vanquished.

Grand Total: 245 creatures vanquished

Notes
Turn   | Place    | Note
-------+----------+-------------------------------------------
     0 | D:1      | Pimp the Demonspawn Reaver began the quest for the Orb.
     0 | D:1      | Reached XP level 1. HP: 16/16 MP: 3/3
   158 | D:1      | Gained mutation: Your touch may inflict minor irresistible
                  | damage on your foes. [demonic ancestry]
   158 | D:1      | Reached XP level 2. HP: 15/22 MP: 5/5
   166 | D:1      | Reached skill level 3 in Long Blades
  1241 | D:2      | Gained mutation: You are partially covered in yellow
                  | scales. (AC +2) [demonic ancestry]
  1241 | D:2      | Reached XP level 3. HP: 27/27 MP: 6/6
  1249 | D:2      | Learned a level 1 spell: Sting
  1869 | D:3      | Reached skill level 1 in Armour
  1869 | D:3      | Gained mutation: You regenerate a little health from kills.
                  | [demonic ancestry]
  1869 | D:3      | Reached XP level 4. HP: 25/33 MP: 7/7
  1892 | D:3      | Gained mutation: Your body sometimes deteriorates upon
                  | taking damage. [potion of mutation]
  1892 | D:3      | Gained mutation: You are frail. (-10% HP) [potion of
                  | mutation]
  1892 | D:3      | Gained mutation: You have a pair of small antennae on your
                  | head. [potion of mutation]
  2216 | D:3      | Reached skill level 1 in Stealth
  2650 | D:3      | Noticed a scorpion
  2670 | D:3      | Killed a scorpion
  2671 | D:3      | Gained mutation: Your touch may inflict irresistible damage
                  | on your foes. [demonic ancestry]
  2671 | D:3      | Reached XP level 5. HP: 29/34 MP: 8/8
  3222 | D:4      | Found a staircase to the Ecumenical Temple.
  3235 | Temple   | Entered the Ecumenical Temple
  3754 | D:4      | Reached skill level 4 in Long Blades
  3754 | D:4      | Gained mutation: Your touch may irresistibly damage your
                  | foes and sap their willpower. [demonic ancestry]
  3754 | D:4      | Reached XP level 6. HP: 33/41 MP: 9/9
  3893 | D:4      | Lost mutation: Your body sometimes deteriorates upon taking
                  | damage. [potion of mutation]
  3893 | D:4      | Lost mutation: You are frail. (-10% HP) [potion of
                  | mutation]
  3893 | D:4      | Lost mutation: You have a pair of small antennae on your
                  | head. [potion of mutation]
  3893 | D:4      | Gained mutation: Armour fits poorly on your strangely
                  | shaped body. [potion of mutation]
  3893 | D:4      | Lost mutation: Armour fits poorly on your strangely shaped
                  | body. [potion of mutation]
  3893 | D:4      | Gained mutation: You have hidden genetic potential. [potion
                  | of mutation]
  4137 | D:5      | Entered Level 5 of the Dungeon
  4222 | D:6      | Gained mutation: You regenerate health from kills. [demonic
                  | ancestry]
  4222 | D:6      | Reached XP level 7. HP: 32/51 MP: 10/10
  4231 | D:6      | Gained mutation: You passively map a small area around you.
                  | [hidden potential]
  4344 | D:5      | Found an ancient bone altar of Kikubaaqudgha.
  4378 | D:6      | Reached skill level 5 in Long Blades
  4505 | D:6      | Found Ovat's Assorted Antiques.
  5014 | D:5      | Found a runed translucent gate.
  5014 | D:5      | Found a runed translucent gate.
  5014 | D:5      | Found a runed translucent gate.
  5015 | D:5      | Noticed necrobotica's ghost (amateur GnCA)
  5015 | D:5      | Noticed IdlyInterested's ghost (novice DsGl)
  5015 | D:5      | Noticed sircluck's ghost (amateur MiFi)
  5116 | D:6      | Reached XP level 8. HP: 54/58 MP: 11/11
  5122 | D:6      | Reached skill level 6 in Long Blades
  5129 | D:6      | Gained mutation: Your system is resistant to poisons.
                  | (rPois) [hidden potential]
  5129 | D:6      | Lost mutation: You have hidden genetic potential. [hidden
                  | potential expressed]
  5363 | D:6      | Paralysed by an orc for 4 turns
  5373 | D:6      | Paralysed by an orc for 2 turns
  5558 | D:6      | Found a blossoming altar of Fedhas.
  5916 | D:7      | Identified the +1 leather armour of Dixeyjoy {rPois rF+
                  | Int+3}
  6080 | D:7      | Reached skill level 7 in Long Blades
  6080 | D:7      | Reached skill level 5 in Dodging
  6411 | D:7      | Reached XP level 9. HP: 66/66 MP: 12/12
  6721 | D:8      | Reached skill level 8 in Long Blades
  6921 | D:8      | Found a flagged portal.
  7129 | D:9      | Reached skill level 9 in Long Blades
  7190 | D:9      | Reached skill level 5 in Fighting
  7269 | D:9      | Gained mutation: A weak demonic guardian rushes to your
                  | aid. [demonic ancestry]
  7269 | D:9      | Reached XP level 10. HP: 65/74 MP: 13/13
  7372 | D:9      | Found a staircase to the Orcish Mines.
  7475 | D:9      | Noticed a two-headed ogre
  7491 | D:9      | Killed a two-headed ogre
  7834 | D:10     | Entered Level 10 of the Dungeon
  7961 | D:10     | Noticed a smoke demon
  7962 | D:10     | Reached skill level 10 in Long Blades
  8222 | D:10     | Noticed an orange demon
  8236 | D:10     | Noticed a sun demon
  8238 | D:10     | Reached skill level 5 in Armour
  8322 | D:10     | Found a staircase to the Lair.
  8351 | D:10     | Gained mutation: You are mostly covered in yellow scales.
                  | (AC +3) [demonic ancestry]
  8351 | D:10     | Reached XP level 11. HP: 64/83 MP: 14/14
  8486 | D:10     | Found the amulet of the Four Winds {rN+ Will+++ Clar}
  8731 | Temple   | Learned a level 3 spell: Hailstorm
  8780 | Temple   | Became a worshipper of Warmaster Okawaru
  8929 | Orc:1    | Entered Level 1 of the Orcish Mines
  9257 | Orc:1    | Found Tear's Magic Scroll Boutique.
  9297 | Orc:1    | Noticed Erica
  9330 | Orc:1    | Killed Erica
  9330 | Orc:1    | Reached * piety under Okawaru
  9669 | D:9      | Slain by a warg

Illustrated notes

Levels and vault maps discovered:
D:1:      matt_arrival_refuge, layout_basic
D:2:      layout_basic
D:3:      layout_loops_cross, minmay_joined_circles
D:4:      layout_basic, temple_fountains, minmay_fractal_squares_5
D:5:      layout_cave_pools, mainiacjoe_overflow_alcove_2,
          gammafunk_ghost_cemetery
D:6:      layout_cave_pools, fedhas_altar_fruit_tree, serial_shops, shop,
          centaur_isle
D:7:      layout_loops_cross
D:8:      layout_basic, enter_bailey_5
D:9:      layout_loops_cross, orc_0_dummy, amcnicky_mini_corridor_feature
D:10:     layout_basic, erik_lair_orcish_takeover
Temple:   mainiacjoe_temple_cubbyholes
Orc:1:    layout_caves, basic_altar, ebering_ghost_disaster_area, serial_shops,
          nicolae_shop_advertising_works [nicolae_subvault_shop_adworks],
          nicolae_shop_firing_range, uniq_erica

Skill      XL: |  1  2  3  4  5  6  7  8  9 10 11 |
---------------+----------------------------------+-----
Long Blades    | 3 4 5 7 9 10 | 10.7
Dodging        | 2 3 4 5 6 8 |  8.4
Armour         | 1 2 3 4 5 |  5.2
Stealth        | 1 2 3 |  3.2
Fighting       | 3 4 5 6 7 |  7.2
Throwing       | |  0.3
Unarmed Combat | |  0.4
Spellcasting   | |  2.1
Conjurations   | |  3.4
Evocations     | |  0.4

Action                     |  1- 3 |  4- 6 |  7- 9 | 10-12 || total
---------------------------+-------+-------+-------+-------++-------
  Melee: Falchion          |   109 |   127 |   401 |   295 ||   932
         Touch             |    15 |    23 |    74 |    73 ||   185
         Unarmed           |       |       |     2 |       ||     2
         Punch             |       |       |     1 |     3 ||     4
  Throw: Boomerang         |       |       |     2 |     2 ||     4
  Evoke: Wand              |       |       |     2 |     2 ||     4
    Use: Potion            |     1 |     8 |     2 |     2 ||    13
         Scroll            |       |    13 |     1 |       ||    14
   Stab: Sleeping          |     1 |     2 |       |     2 ||     5
 Armour: Leather armour    |    42 |    48 |   191 |    72 ||   353
  Dodge: Dodged            |    75 |   101 |   538 |   302 ||  1016

Table legend: (Time is in decaauts)
 A = Elapsed time spent in this place.
 B = Non-inter-level travel time spent in this place.
 C = Inter-level travel time spent in this place.
 D = Time resting spent in this place.
 E = Time spent auto-exploring this place.
 F = Levels seen in this place.
 G = Mean time per level.
                   A        B        C        D        E       F      G
               +--------+--------+--------+--------+--------+-----+--------+
         Total |   9615 |   8844 |    771 |    996 |   5382 |  12 |  801.2 |
       Dungeon |   8440 |   7825 |    615 |    777 |   4829 |  10 |  844.0 |
        Temple |    496 |    341 |    155 |      0 |    294 |   1 |  496.0 |
  Orcish Mines |    679 |    679 |      0 |    219 |    259 |   1 |  679.0 |
               +--------+--------+--------+--------+--------+-----+--------+

Top non-repeatable levels by time:
     D:3: 1261 daAuts
     D:6: 976 daAuts
     D:7: 900 daAuts
     D:2: 896 daAuts
     D:4: 888 daAuts
     D:1: 815 daAuts
     D:9: 782 daAuts
     D:5: 730 daAuts
    D:10: 686 daAuts
   Orc:1: 679 daAuts
     D:8: 500 daAuts
  Temple: 496 daAuts
